 Dungeon Crawl Stone Soup version 0.27-a0-1228-gfd60fd639a (webtiles) character file.

Game seed: 5623117580745335500

142 wakim the Sneak (level 5, 0/30 HPs)
             Began as a Kobold Brigand on June 7, 2021.
             Slain by a phantom (7 damage)
             ... on level 1 of the Dungeon.
             The game lasted 00:08:25 (4567 turns).

wakim the Sneak (Kobold Brigand)                    Turns: 4567, Time: 00:08:25

Health: 0/30       AC:  5    Str: 14    XL:     5   Next: 49%
Magic:  5/5        EV: 17    Int: 12    God:
Gold:   155        SH:  0    Dex: 18    Spells: 4/4 levels left

rFire    . . .     SeeInvis .   a - +2 dagger
rCold    . . .     Faith    .   (shield restricted)
rNeg     . . .     Spirit   .   b - +0 robe
rPois    .         Reflect  .   i - +0 hat
rElec    .         Harm     .   c - +1 cloak
rCorr    .         Rampage  .   (no gloves)
Will     .....                  l - +0 pair of boots
Stlth    ++++......             (no amulet)
HPRegen  0.10/turn              m - +6 ring of strength
MPRegen  0.09/turn              (no ring)

@: no status effects
A: small, no large weapons, nightstalker 3
a: no special abilities


You were on level 1 of the Dungeon.
You visited 2 branches of the dungeon, and saw 5 of its levels.

You collected 155 gold pieces.

Inventory:

Hand Weapons
 a - a +2 dagger (weapon)
Missiles
 d - 16 poisoned darts (quivered)
 e - 2 curare-tipped darts {=f}
Armour
 b - a +0 robe (worn)
 c - a +1 cloak (worn)
 i - a +0 hat (worn)
 l - a +0 pair of boots (worn)
Jewellery
 g - a ring of ice
 m - a +6 ring of strength (left hand)
Wands
 v - a wand of flame (26)
Scrolls
 f - 2 scrolls of amnesia
 r - 2 scrolls of identify
Potions
 h - a potion of lignification {unknown}
 j - a potion of brilliance {unknown}
 k - a potion of might {unknown}
 K - 2 potions of magic


   Skills:
 - Level 2.1 Fighting
 + Level 4.5 Short Blades
 - Level 2.1 Throwing
 * Level 4.9 Dodging
 - Level 5.3 Stealth


You had 4 spell levels left.
You didn't know any spells.
Your spell library contained the following spells:

 Spells                   Type           Power      Damage    Failure   Level
 Beastly Appendage        Tmut           0%         N/A       32%         1
 Freeze                   Ice            0%         1d3       32%         1
 Wereblood                Tmut           0%         N/A       45%         2
 Frozen Ramparts          Ice            0%         1d2       69%         3
 Ozocubu's Armour         Ice            0%         N/A       69%         3
 Spider Form              Tmut/Pois      0%         N/A       69%         3
 Hailstorm                Conj/Ice       0%         3d3       97%         4
 Ice Form                 Ice/Tmut       0%         N/A       97%         4
 Hydra Form               Tmut           0%         N/A       100%        5
 Metabolic Englaciation   Hex/Ice        0%         N/A       100%        5


Dungeon Overview and Level Annotations

Branches:
Dungeon (4/15)             Temple (1/1) D:4

Altars:
Ashenzari
Cheibriados
Elyvilon
Gozag
Kikubaaqudgha
Qazlal
Sif Muna
Trog
Xom
Zin
The Shining One

Shops:
D:2 ?   D:4 *


Innate Abilities, Weirdness & Mutations

You are small and have problems with some larger weapons.
You are completely attuned to the shadows.


Message History

* * * LOW HITPOINT WARNING * * *
There is a stone staircase leading up, spattered with blood here.
You see here a +0 flail.
The phantom misses you.
You climb upwards.
There is a stone staircase leading down here.
You see here a +0 plate armour.
There is an escape hatch in the floor here.
You see here a +0 plate armour.
There is an escape hatch in the floor here.
There is a stone staircase leading up here.
The phantom hits you but does no damage.
You climb upwards.
There is a stone staircase leading down here.
You hit the phantom.
The phantom is lightly damaged.
You hit the phantom.
The phantom is moderately damaged.
The phantom hits you.
* * * LOW HITPOINT WARNING * * *
You hit the phantom.
The phantom is moderately damaged.
The phantom completely misses you.
You hit the phantom.
The phantom is moderately damaged.
The phantom hits you.
* * * LOW HITPOINT WARNING * * *
The phantom blinks!
You blink.
Aiming: Throw Flame
Press: ? - help, Shift-Dir - straight line, f - phantom
Aim: a phantom (moderately damaged, 56% to hit)
The puff of flame misses the phantom.
The phantom hits you!
* * * LOW HITPOINT WARNING * * *
There is a stone staircase leading up here.
The phantom closely misses you.
You climb upwards.
There is a stone staircase leading down here.
The phantom hits you but does no damage.
The phantom hits you!
You die...

......##..........)#### #.....#.#
...................# #.#####..
..........########.# #.#####..
..........########.######.#......
............)......#....#.#.####.
..........##########.##.#......#.
######......#...####.##.###.####.
#...........#.#......##.....#..#.
#>..........#...@#.#.######.#....
#...........###W.#.########...##.
#................#...............
#..........#####.#....###...#.###
#..........#####.#....###........
#..........##...(#####.........##
#..........##.#### #.#####...#)
#..........##.# #.# #...#.
#..........##.###### #.##########


You could see a phantom.

Vanquished Creatures
  An orc priest (D:4)
  A gnoll (D:1)
  2 adders
  A white imp (D:4)
  3 dart slugs (D:1)
  An orc (D:3)
  2 ball pythons (D:1)
  6 endoplasms
  3 giant cockroaches
  6 goblins
  6 hobgoblins
  7 jackals
  6 quokkas
  3 bats
  5 frilled lizards
  8 kobolds
  3 rats
64 creatures vanquished.

Notes
Turn   | Place    | Note
-------+----------+-------------------------------------------
     0 | D:1      | wakim the Kobold Brigand began the quest for the Orb.
     0 | D:1      | Reached XP level 1. HP: 12/12 MP: 1/1
   173 | D:1      | Reached XP level 2. HP: 17/17 MP: 2/2
   440 | D:1      | Reached XP level 3. HP: 10/21 MP: 3/3
  1569 | D:1      | Reached XP level 4. HP: 26/26 MP: 4/4
  1813 | D:2      | Found Hom Xeru's Magic Scroll Shoppe.
  3513 | D:3      | Reached XP level 5. HP: 13/30 MP: 5/5
  3783 | D:4      | Found a staircase to the Ecumenical Temple.
  3824 | Temple   | Entered the Ecumenical Temple
  4268 | D:4      | Found a bloodstained altar of Trog.
  4380 | D:4      | Found Emuerimy's Assorted Antiques.
  4380 | D:4      | Noticed a phantom
  4567 | D:1      | Slain by a phantom

Illustrated notes

Levels and vault maps discovered:
D:1:      minmay_arrival_nine_rooms, layout_basic, minivault_4
D:2:      layout_basic, serial_shops, shop, minmay_pentomino_r4
D:3:      layout_loops_ring
D:4:      layout_rooms, marbit_many_paths,
          chequers_temple_overflow_statue_of_worship,
          minmay_temple_entry_proselytizer, serial_shops, shop,
          grunt_decor_clamped, kennysheep_generic_room_2
Temple:   dpeg_chambers_temple

Skill      XL: |  1  2  3  4 |
---------------+-------------+-----
Short Blades   | 3 4 |  4.5
Dodging        | 2 3 4 |  4.9
Fighting       | |  2.1
Throwing       | |  2.1
Stealth        | |  5.3

Action                   |  1- 3 |  4- 6 || total
-------------------------+-------+-------++-------
Melee: Dagger            |    80 |   174 ||   254
Throw: Dart              |     5 |       ||     5
Evoke: Wand              |       |     1 ||     1
  Use: Scroll            |       |     4 ||     4
 Stab: Sleeping          |    15 |    15 ||    30
Armor: Robe              |     5 |    27 ||    32
Dodge: Dodged            |    42 |   119 ||   161

Table legend: (Time is in decaauts)
 A = Elapsed time spent in this place.
 B = Non-inter-level travel time spent in this place.
 C = Inter-level travel time spent in this place.
 D = Time resting spent in this place.
 E = Time spent auto-exploring this place.
 F = Levels seen in this place.
 G = Mean time per level.
                   A        B        C        D        E       F      G
               +--------+--------+--------+--------+--------+-----+--------+
         Total |   4519 |   4398 |    121 |     18 |   3682 |   5 |  903.8 |
       Dungeon |   4133 |   4038 |     95 |     18 |   3325 |   4 | 1033.2 |
        Temple |    385 |    359 |     26 |      0 |    357 |   1 |  385.0 |
               +--------+--------+--------+--------+--------+-----+--------+

Top non-repeatable levels by time:
     D:1: 1743 daAuts
     D:2: 1186 daAuts
     D:3: 935 daAuts
  Temple: 385 daAuts
     D:4: 268 daAuts
